 Dungeon Crawl Stone Soup version 0.32-a0-306-gfed3edf829 (webtiles) character file.

Game seed: 13003506842755348986

189 Catman the Scratcher (level 5, 0/25 HPs)
             Began as a Felid Shapeshifter on Feb 15, 2024.
             Slain by a hobgoblin (3 damage)
             ... led by Robin
             ... on level 3 of the Dungeon.
             The game lasted 00:26:23 (2882 turns).

Catman the Scratcher (Felid Shapeshifter)           Turns: 2882, Time: 00:26:24

Health: 0/25       AC:  1    Str: 12    XL:     5   Next: 40%
Magic:  6/6        EV: 17    Int: 14    God:
Gold:   108        SH:  0    Dex: 15    Spells: 4/4 levels left
                                        Lives:  0   Deaths: 2

rFire   . .          .
                       - Unarmed
rCold   . . .        (shield unavailable)
rNeg    . . .        (body armour unavailable)
rPois   .            (helmet unavailable)
rElec   .            (cloak unavailable)
rCorr   .            (gloves unavailable)
SInv    +            (boots unavailable)
Will    .....        (no amulet)
Stlth   ++           (no ring)
HPRegen 0.24/turn    (no ring)
MPRegen 0.10/turn

%: no passive effects
@: beast-form
A: beast (slay +2), very small, claws 1, fangs 3, see invisible, shaggy fur 1,
stealthy paws, no weapons or thrown items, no armour, multi-lived
a: Begin Untransformation


You were on level 3 of the Dungeon.
You were a hulking beast.
You visited 1 branch of the dungeon, and saw 3 of its levels.

You collected 196 gold pieces.
You spent 88 gold pieces at shops.

Inventory:

Jewellery
 g - an amulet of reflection
Talismans
 b - a beast talisman (active)
 c - a flux talisman
 j - a maw talisman
Wands
 k - a wand of digging (3)
Scrolls
 d - 2 scrolls of identify {unknown}
 e - 2 scrolls of teleportation {unknown}
 i - 2 scrolls of revelation {unknown}
Potions
 a - a potion of lignification
 f - a potion of enlightenment {unknown}
 h - a potion of invisibility {unknown}
 l - a potion of curing {unknown}
 m - a potion of resistance {unknown}
 n - a potion of heal wounds {unknown}


   Skills:
 + Level 1.1 Fighting
 + Level 3.3 Dodging
 + Level 3.1 Stealth
 + Level 4.5 Unarmed Combat
 + Level 3.6 Shapeshifting


You had 4 spell levels left.
You didn't know any spells.
Your spell library was empty.

Dungeon Overview and Level Annotations

Branches:
Dungeon (3/15)

Altars:
Ru

Shops:
D:1 *

Annotations:
D:3 1 runed translucent door, 1 transporter, Robin; soul19's ghost, amateur DsSh


Innate Abilities, Weirdness & Mutations

You are a hulking beast.
Your limbs bulge with bestial killing power. (Slay +2)
You have sharp claws.
You have razor-sharp teeth.
You have supernaturally acute eyesight. (SInv)
You are covered in fur. (AC +1)
Your paws help you pounce on unaware monsters.
You are incapable of wielding weapons or throwing items.
You cannot wear armour.
You gain extra lives every three experience levels.


Message History

A goblin opens the door.
Robin throws the goblin at you! The goblin hits you with a +0 club.
You barely miss the goblin. The goblin hits you with a +0 club!
The goblin misses you. The goblin closely misses you.
You closely miss the goblin. Your claw misses the goblin. You bite the goblin.
You kill the goblin!
Robin throws the goblin at you! The goblin hits you with a +0 club.
* * * LOW HITPOINT WARNING * * *
A goblin comes into view. It is wielding a +0 club.
The goblin closely misses you.
You closely miss the goblin. The goblin completely misses you. x2
A goblin comes into view. It is wielding a +0 club.
You barely miss the goblin. The goblin closely misses you. x2
You claw the goblin!
You kill the goblin!
The goblin misses you. The goblin barely misses you.
There are monsters nearby!
The goblin barely misses you.
Things that are here:
a +0 club; a +0 club; a goblin corpse You claw the goblin!
You kill the goblin!
The goblin misses you.
You scratch the hobgoblin.
The hobgoblin is moderately wounded.
Robin throws the goblin at you!
A goblin comes into view. It is wielding a +0 dagger of venom.
The goblin misses you. x2
You closely miss the hobgoblin.
The hobgoblin is moderately wounded.
The hobgoblin closely misses you.
Robin roars a battlecry!
The goblin goes into a battle-frenzy!
The goblin closely misses you. The goblin hits you with a +0 club.
* * * LOW HITPOINT WARNING * * *
The goblin shouts!
You hear a shout!
You barely miss the hobgoblin.
The hobgoblin is moderately wounded.
The hobgoblin hits you.
You die...

#.............###..
##'####.............
#.............<.....
#....##.#.####......
###....##.#.# #......
#...>...).#'##########
#......##g........
#...g.g'gg.g......
#....hg##.........
#......##.........
#......#######g...
#......# g.. #......#
.. ########


You could see Robin, a hobgoblin (strong) and 5 goblins.

Vanquished Creatures
  Jessica (D:2)
  3 gnolls (D:3)
  4 adders
  A ribbon worm (D:2)
  A dart slug (D:2)
  3 orcs (D:3)
  6 bats
  4 endoplasms
  7 goblins
  4 hobgoblins
  3 quokkas
  7 ball pythons
  2 frilled lizards
  5 kobolds
  4 rats
55 creatures vanquished.

Notes
Turn   | Place    | Note
-------+----------+-------------------------------------------
     0 | D:1      | Catman the Felid Shapeshifter began the quest for the Orb.
     0 | D:1      | Reached XP level 1. HP: 10/10 MP: 2/2
    36 | D:1      | Found Yskies's Assorted Antiques.
   171 | D:1      | Reached XP level 2. HP: 10/14 MP: 3/3
   695 | D:1      | Reached XP level 3. HP: 18/18 MP: 4/4
  1234 | D:2      | Reached skill level 1 in Stealth
  1242 | D:2      | Noticed Jessica
  1248 | D:2      | Killed Jessica
  1249 | D:2      | Reached skill level 4 in Unarmed Combat
  1249 | D:2      | Reached XP level 4. HP: 22/22 MP: 5/5
  1249 | D:2      | Gained a life (2 lives remaining)
  1534 | D:2      | Found a faded altar of an unknown god.
  2111 | D:1      | Bought a forked brass wand for 88 gold pieces
  2305 | D:3      | Noticed soul19's ghost (amateur DsSh)
  2308 | D:3      | Found a runed translucent door.
  2330 | D:3      | Slain by an orc
  2330 | D:3      | Lost a life (1 life remaining)
  2333 | D:3      | Found a sacrificial altar of Ru.
  2512 | D:3      | Reached XP level 5. HP: 25/25 MP: 6/6
  2529 | D:3      | Slain by a gnoll
  2529 | D:3      | Lost a life (0 lives remaining)
  2627 | D:3      | Found a transporter.
  2866 | D:3      | Noticed Robin
  2882 | D:3      | Slain by a hobgoblin

Illustrated notes

Levels and vault maps discovered:
D:1:      amcnicky_arrival_gap_in_the_tavern_cellar, layout_loops_cross,
          serial_shops, shop, due_unseen_surprise
D:2:      layout_loops_ring, shapermc_ecumenical_altar_mp_ritualfount,
          uniq_jessica
D:3:      gammafunk_wand_slinger, layout_basic, hangedman_ru_absence,
          hellmonk_ghost_happy_afterlife, minivault_19,
          nicolae_twisty_statue_hallways, uniq_robin

Skill      XL: |  1  2  3  4  5 |
---------------+----------------+-----
Shapeshifting  | 3 |  3.6
Dodging        | 3 |  3.3
Stealth        | 1 2 3 |  3.1
Unarmed Combat | 4 |  4.5
Fighting       | |  1.1

Action                     |  1- 3 |  4- 6 || total
---------------------------+-------+-------++-------
  Melee: Unarmed           |    56 |    88 ||   144
         Bite              |     3 |     6 ||     9
         Punch             |     2 |     1 ||     3
  Evoke: Wand              |       |     1 ||     1
   Stab: Sleeping          |     5 |     4 ||     9
 Armour: Skin              |    11 |    36 ||    47
  Dodge: Dodged            |    32 |    73 ||   105

Table legend: (Time is in decaauts)
 A = Elapsed time spent in this place.
 B = Non-inter-level travel time spent in this place.
 C = Inter-level travel time spent in this place.
 D = Time resting spent in this place.
 E = Time spent auto-exploring this place.
 F = Levels seen in this place.
 G = Mean time per level.
                   A        B        C        D        E       F      G
               +--------+--------+--------+--------+--------+-----+--------+
         Total |   2873 |   2789 |     84 |    155 |   1103 |   3 |  957.7 |
       Dungeon |   2873 |   2789 |     84 |    155 |   1103 |   3 |  957.7 |
               +--------+--------+--------+--------+--------+-----+--------+

Top non-repeatable levels by time:
     D:1: 1367 daAuts
     D:2: 936 daAuts
     D:3: 569 daAuts
